 Dungeon Crawl Stone Soup version 0.24-a0-809-g71cb82dfb8 (webtiles) character file.

Game seed: 14553997997172346336, levelgen mode: deterministic

106 Conn the Sneak (level 4, -1/29 HPs)
             Began as an Octopode Fire Elementalist on Oct 11, 2019.
             Slain by Purgy (3 damage)
             ... in a sewer.
             The game lasted 00:05:43 (2380 turns).

Conn the Sneak (Octopode Fire Elementalist)         Turns: 2380, Time: 00:05:44

Health: -1/29      AC:  1    Str:  7    XL:     4   Next: 84%
Magic:  3/7        EV: 13    Int: 18    God:
Gold:   102        SH:  0    Dex: 12    Spells: 3/7 levels left

rFire    . . .     SeeInvis .   a - +0 dagger
rCold    . . .     Gourm    .   (no shield)
rNeg     . . .     Faith    .   (helmet restricted)
rPois    .         Spirit   .   (no amulet)
rElec    .         Reflect  .   (no ring)
rCorr    .         Harm     .   (no ring)
MR       .....                  (no ring)
Stlth    ++++......             (no ring)
HPRegen  0.09/turn              (no ring)
MPRegen  0.10/turn              (no ring)
                                (no ring)
                                (no ring)

@: very slightly contaminated
A: almost no armour, stealthy swim, amphibious, 8 rings, constrict 8, tentacle
spike 1, camouflage 1, robust 1, gelatinous body 1, evolution 1
a: no special abilities


You were in a sewer.
You were not hungry.

You visited 1 branch of the dungeon, and saw 3 of its levels.
You also visited: Sewer.

You collected 102 gold pieces.

Inventory:

Hand Weapons
 a - a +0 dagger (weapon)
Missiles
 e - 7 atropa-tipped darts (quivered)
Wands
 j - a wand of iceblast (4)
Scrolls
 d - a scroll of identify {unknown}
 g - a scroll of blinking {unknown}
 h - 2 scrolls of remove curse {unknown}
 k - 2 scrolls of magic mapping {unknown}
 l - a scroll of immolation {unknown}
 o - a scroll of fear {unknown}
Potions
 f - a potion of curing
 i - a potion of magic {unknown}
 m - a potion of brilliance {unknown}
 n - a potion of invisibility {unknown}
Comestibles
 b - 7 rations
 c - 2 chunks of flesh


   Skills:
 + Level 0.1 Fighting
 + Level 1.1 Short Blades
 + Level 2.2 Dodging
 + Level 4.3 Stealth
 + Level 2.4 Spellcasting
 + Level 2.0 Conjurations
 + Level 3.5 Fire Magic


You had 3 spell levels left.
You knew the following spells:

 Your Spells              Type           Power        Failure   Level  Hunger
a - Flame Tongue          Conj/Fire      ##...        5%          1    #......
b - Conjure Flame         Conj/Fire      ##......     17%         3    ###....

Your spell library contained the following spells:

 Spells                   Type           Power        Failure   Level  Hunger
 Throw Flame              Conj/Fire      ##....       9%          2    ##.....
 Inner Flame              Hex/Fire       #.......     26%         3    ###....
 Sticky Flame             Conj/Fire      ##......     50%         4    #####..
 Fireball                 Conj/Fire      ##........   83%         5    ######.


Dungeon Overview and Level Annotations

Branches:
Dungeon (3/15)              Sewer (1/1)

Altars:
Dithmenos
Vehumet

Annotations:
Sewer Purgy


Innate Abilities, Weirdness & Mutations

You cannot wear most types of armour.
You are very stealthy in the water. (Stealth+)
You are amphibious.
You can wear up to eight rings at the same time.
You can use your tentacles to constrict eight enemies at once.
Your skin changes colour to match your surroundings (Stealth+).
Your rubbery body absorbs attacks. (AC +1, EV +1)
One of your tentacles bears a spike.
You are robust. (+10% HP)
You evolve.


Message History

Casting: Flame Tongue (safe; 5% risk of failure)
Confirm with . or Enter, or press ? or * to list all spells.
Aiming: Flame Tongue (safe; 5% risk of failure)
Press: ? - help, Shift-Dir - straight line, f/p - Purgy
Aim: Purgy (heavily wounded)
You miscast Flame Tongue.
You are very lightly contaminated with residual magic.
The air around you crackles with energy!
Purgy bites you. Purgy closely misses you. Purgy claws you.
Casting: Flame Tongue (safe; 5% risk of failure)
Confirm with . or Enter, or press ? or * to list all spells.
Aiming: Flame Tongue (safe; 5% risk of failure)
Press: ? - help, Shift-Dir - straight line, f/p - Purgy
Aim: Purgy (heavily wounded)
The flame tongue misses Purgy.
Purgy is engulfed in a cloud of scalding steam.
Purgy bites you!
* * * LOW HITPOINT WARNING * * *
Purgy barely misses you. Purgy claws you.
You die...

######## ###......###
### ###.≈..≈.....###
)[#
###.≈..≈####.≈...##.[#
##....≈### ###...≈.###
.≈≈..≈## ##.≈....#
##.≈.≈.# #≈@T..###
###...≈.# #.≈...##.(#
###.≈..≈.....### )$#
##....≈.## ### ######


You could see Purgy.

Vanquished Creatures
  2 adders (D:2)
  2 oozes
  2 worms (D:2)
  3 dart slugs (D:1)
  5 leopard geckos
  5 giant cockroaches
  8 goblins
  6 hobgoblins
  4 jackals
  7 kobolds
  2 quokkas (D:2)
  5 bats (D:1)
  2 frilled lizards (D:2)
  5 rats (D:1)
58 creatures vanquished.

Notes
Turn   | Place    | Note
-------+----------+-------------------------------------------
     0 | D:1      | Conn the Octopode Fire Elementalist began the quest for the
                  | Orb.
     0 | D:1      | Reached XP level 1. HP: 11/11 MP: 3/3
   192 | D:1      | Reached XP level 2. HP: 13/17 MP: 0/5
   426 | D:1      | Reached XP level 3. HP: 15/21 MP: 3/6
   504 | D:1      | Reached skill level 3 in Stealth
  1035 | D:2      | Learned a level 3 spell: Conjure Flame
  1155 | D:2      | Gained mutation: You are robust. (+10% HP) [potion of
                  | mutation]
  1155 | D:2      | Gained mutation: You evolve. [potion of mutation]
  1155 | D:2      | Gained mutation: One of your tentacles bears a spike.
                  | [potion of mutation]
  1251 | D:2      | Reached XP level 4. HP: 28/29 MP: 7/7
  1360 | D:2      | Found a shadowy altar of Dithmenos.
  1670 | D:2      | Found a radiant altar of Vehumet.
  1698 | D:2      | Reached skill level 4 in Stealth
  2154 | D:3      | Found a glowing drain.
  2159 | D:3      | Reached skill level 1 in Short Blades
  2174 | Sewer    | Entered a sewer
  2365 | Sewer    | Noticed Purgy
  2380 | Sewer    | Slain by Purgy

Levels and vault maps discovered:
D:1:      erik_arrival_triangle_medium, layout_basic, minmay_quantized
D:2:      layout_loops_corners, lemuel_coloured_pillars_altar, vehumet_crystals,
          hex_tiny, dk_vineyard_1, hex_medium
D:3:      minmay_wonky_spiral, layout_basic, portal_sewer_entry_f,
          chequers_ecumenical_altar_grove, st_stairs_7, fedhas_altar_4,
          uniq_crazy_yiuf_cottage
Sewer:    sewer_the_crocodile

Skill      XL: |  1  2  3  4 |
---------------+-------------+-----
Stealth        | 3 4 |  4.3
Short Blades   | 1 |  1.1
Conjurations   | 2 |  2.0
Fighting       | |  0.1
Dodging        | |  2.2
Spellcasting   | |  2.4
Fire Magic     | |  3.5

Action                   |  1- 3 |  4- 6 || total
-------------------------+-------+-------++-------
Melee: Dagger            |    35 |    40 ||    75
       Constrict         |     8 |     9 ||    17
       Tentacles         |     7 |     7 ||    14
       Kick              |     3 |     8 ||    11
 Cast: Flame Tongue      |    29 |    18 ||    47
  Use: Potion            |     3 |       ||     3
 Stab: Sleeping          |     9 |     7 ||    16
  Eat: Chunk             |     1 |     4 ||     5
Armor: Skin              |     2 |     3 ||     5
Dodge: Dodged            |    23 |    30 ||    53

Table legend:
 A = Non-vault XP
 B = Vault XP
 C = Vault XP percentage of total XP
 D = Non-vault monster count
 E = Vault monster count
 F = Vault count percentage of total count
                 A         B        C        D         E       F
            +---------+---------+-------+---------+---------+-------
      Total |     127 |      25 |  16.4 |      46 |      12 |  20.7
            +---------+---------+-------+---------+---------+-------
        D:1 |      42 |      10 |  19.2 |      20 |       4 |  16.7
        D:2 |      79 |       0 |   0.0 |      23 |       0 |   0.0
        D:3 |       6 |       7 |  53.8 |       3 |       3 |  50.0
      Sewer |       0 |       8 | 100.0 |       0 |       5 | 100.0
            +---------+---------+-------+---------+---------+-------
